 Dungeon Crawl Stone Soup version 0.21.1-1-g345015f (webtiles) character file.

73 Iko the Digger (level 4, -3/24 HPs)
             Began as a Gargoyle Earth Elementalist on June 10, 2018.
             Slain by Bnni's ghost (5 damage)
             ... on level 3 of the Dungeon.
             The game lasted 00:03:45 (343 turns).

Iko the Digger (Gargoyle Earth Elementalist)         Turns: 343, Time: 00:03:46

Health: -3/24      AC:  8    Str: 12    XL:     4   Next: 27%
Magic:  2/7        EV: 10    Int: 15    God:
Gold:   0          SH:  0    Dex: 11    Spells: 6/7 levels left

rFire    . . .     SeeInvis .   f - +0 mace
rCold    . . .     Gourm    .   (no shield)
rNeg     + . .     Faith    .   g - +0 ring mail
rPois    ∞         Spirit   .   (no helmet)
rElec    +         Reflect  .   (no cloak)
rCorr    .         Harm     .   (no gloves)
MR       .....                  (no boots)
Stlth    +.........             (no amulet)
HPRegen  0.08/turn              (no ring)
MPRegen  0.10/turn              (no ring)

@: no status effects
A: negative energy resistance 1, electricity resistance, unbreathing,
petrification resistance, rot immunity, AC +3
a: no special abilities


You were on level 3 of the Dungeon.
You were not hungry.

You visited 1 branch of the dungeon, and saw 3 of its levels.

Inventory:

Hand Weapons
 f - a +0 mace (weapon)
Missiles
 b - 11 stones (quivered)
Armour
 g - a +0 ring mail (worn)
Books
 e - a book of Geomancy

   Spells                             Type                      Level
   a - Sandblast                      Earth                        1
   b - Passwall                       Transmutation/Earth          2
   c - Stone Arrow                    Conjuration/Earth            3
   d - Petrify                        Transmutation/Earth          4
   e - Lee's Rapid Deconstruction     Earth                        5
Comestibles
 d - 2 rations


   Skills:
 + Level 0.1 Fighting
 + Level 2.0 Dodging
 + Level 2.3 Stealth
 + Level 2.4 Spellcasting
   Level 0.7 Transmutations
 + Level 5.2 Earth Magic


You had 6 spell levels left.
You knew the following spells:

 Your Spells              Type           Power        Failure   Level  Hunger
a - Sandblast             Erth           ###...       5%          1    #......


Dungeon Overview and Level Annotations

Branches:
Dungeon (3/15)

Altars:

Annotations:
D:3 Bnni's ghost, amateur GnWr


Innate Abilities, Weirdness & Mutations

You are resistant to torment.
Your stone body is resilient. (AC +3)
You are immune to poison.
You resist negative energy. (rN+)
You are resistant to electric shocks. (rElec)
You can survive without breathing.
You are immune to petrification.
You are immune to rotting.


Message History

Confirm with . or Enter, or press ? or * to list all spells.
Aiming: Sandblast
Press: ? - help, Shift-Dir - straight line, f/p - Bnni's ghost
Aim: Bnni's ghost (moderately damaged)
The blast of sand hits Bnni's ghost.
Bnni's ghost is moderately damaged.
b - 12 stones Bnni's ghost hits you but does no damage.
Casting: Sandblast
Confirm with . or Enter, or press ? or * to list all spells.
Aiming: Sandblast
Press: ? - help, Shift-Dir - straight line, f/p - Bnni's ghost
Aim: Bnni's ghost (moderately damaged)
The blast of sand misses Bnni's ghost.
b - 11 stones Bnni's ghost barely misses you.
You barely miss Bnni's ghost.
Bnni's ghost is moderately damaged.
Bnni's ghost hits you.
You die...

.........%.≈≈ ≈
............ ..
#.........##...
#.......!.....g
#.#.......#
.........##
#..##...## #
###W# #@# #<#
#.# #.# ... ..#
##.# #.. ###


You could see Bnni's ghost.

Vanquished Creatures
  Jessica (D:2)
  2 adders (D:2)
  A worm (D:2)
  A leopard gecko (D:3)
  An orc (D:3)
  A bat (D:2)
  3 giant cockroaches
  3 goblins
  2 hobgoblins
  3 jackals (D:2)
  2 kobolds
  3 rats
23 creatures vanquished.

Notes
Turn   | Place    | Note
-------+----------+-------------------------------------------
     0 | D:1      | Iko the Gargoyle Earth Elementalist began the quest for the Orb.
     0 | D:1      | Reached XP level 1. HP: 10/10 MP: 3/3
    56 | D:2      | Noticed Jessica
    60 | D:2      | Killed Jessica
    60 | D:2      | Reached skill level 4 in Earth Magic
    60 | D:2      | Reached XP level 2. HP: 15/15 MP: 0/5
    60 | D:2      | Reached XP level 3. HP: 19/19 MP: 0/6
   249 | D:2      | Reached skill level 5 in Earth Magic
   249 | D:2      | Reached XP level 4. HP: 24/24 MP: 5/7
   328 | D:3      | Noticed Bnni's ghost (amateur GnWr)
   343 | D:3      | Slain by Bnni's ghost

Skill      XL: |  1  2  3  4 |
---------------+-------------+-----
Earth Magic    | 4 5 |  5.2
Dodging        | 2 |  2.0
Fighting       | |  0.1
Stealth        | |  2.3
Spellcasting   | |  2.4
Transmutations | |  0.7

Action                   |  1- 3 |  4- 6 || total
-------------------------+-------+-------++-------
Melee: Club              |     9 |       ||     9
       Mace              |     2 |    38 ||    40
 Cast: Sandblast         |    13 |     6 ||    19
  Use: Scroll            |     1 |     2 ||     3
Armor: Robe              |     6 |     4 ||    10
       Ring mail         |       |    14 ||    14
Dodge: Dodged            |    10 |    25 ||    35
